 Dungeon Crawl Stone Soup version 0.16.1-51-g6203257 (webtiles) character file.

6032 Miyamura the Thaumaturge (level 10, -5/88 HPs)
             Began as a Purple Draconian Transmuter on July 17, 2015.
             Was a High Priest of Kikubaaqudgha.
             Killed from afar by a steam dragon (22 damage)
             ... with a ball of steam
             ... on level 10 of the Dungeon.
             The game lasted 00:47:32 (15152 turns).

Miyamura the Thaumaturge (DrTm)                    Turns: 15152, Time: 00:47:32

Health: -5/88      AC:  7    Str: 14    XL:     10   Next: 56%
Magic:  18/26      EV: 15    Int: 16    God:    Kikubaaqudgha [*****.]
Gold:   100        SH:  0    Dex: 11    Spells: 5 memorised, 8 levels left

rFire  . . .     SeeInvis .       - Unarmed
rCold  . . .     Clarity  .     (armour unavailable)
rNeg   . . .     SustAb   .     (shield currently unavailable)
rPois  .         Gourm    .     (helmet restricted)
rElec  .         Spirit   .     (no cloak)
rCorr  .         Warding  .     (gloves currently unavailable)
rMut   .         Stasis   .     (no boots)
MR     +....                    (no amulet)
Stlth  +.........               (no ring)
                                (no ring)

@: blade hands, very slightly contaminated, somewhat resistant to hostile
enchantments, very unstealthy
A: breathe power, unfitting armour, cold-blooded, AC +7
a: Breathe Dispelling Energy, End Transformation, Receive Corpses, Torment,
Renounce Religion


You were on level 10 of the Dungeon.
You worshipped Kikubaaqudgha.
Kikubaaqudgha was extremely pleased with you.
You were hungry.
You had blades for hands.
You visited 2 branches of the dungeon, and saw 11 of its levels.

You collected 628 gold pieces.
You spent 528 gold pieces at shops.

Inventory:

Magical devices
 b - a wand of confusion (12)
 t - a wand of polymorph (13)
 y - a wand of digging (11)
Scrolls
 f - 3 scrolls of remove curse
 m - a scroll of identify
 o - 2 scrolls of recharging
 p - a scroll of magic mapping
 x - 3 scrolls of amnesia
Potions
 e - 2 potions of restore abilities
 h - a potion of cancellation {unknown}
 k - a potion of resistance {unknown}
 q - 3 potions of brilliance
 s - 2 potions of flight
 u - a potion of lignification {unknown}
Books
 d - a book of Changes

   Spells                             Type                      Level
   a - Beastly Appendage              Transmutation                1
   b - Sticks to Snakes               Transmutation                2
   c - Spider Form                    Transmutation/Poison         3
   d - Ice Form                       Ice/Transmutation            4
   e - Blade Hands                    Transmutation                5
 g - a book of Battle

   Spells                             Type                      Level
   a - Infusion                       Charms                       1
   b - Shroud of Golubria             Charms/Translocation         2
   c - Song of Slaying                Charms                       2
   d - Spectral Weapon                Hexes/Charms                 3
   e - Regeneration                   Charms/Necromancy            3
 j - Kikubaaqudgha's Almanac of Evil
   (Kikubaaqudgha gifted it to you on level 4 of the Dungeon)

   Spells                             Type                      Level
   a - Animate Skeleton               Necromancy                   1
   b - Corpse Rot                     Necromancy                   2
   c - Sublimation of Blood           Necromancy                   2
   d - Vampiric Draining              Necromancy                   3
   e - Control Undead                 Necromancy                   4
 r - a book of the Earth

   Spells                             Type                      Level
   a - Leda's Liquefaction            Hexes/Earth                  4
   b - Bolt of Magma                  Conjuration/Fire/Earth       5
   c - Statue Form                    Transmutation/Earth          6
   d - Iron Shot                      Conjuration/Earth            6
   e - Shatter                        Earth                        9
 w - a Fen Folio

   Spells                             Type                      Level
   a - Corpse Rot                     Necromancy                   2
   b - Stone Arrow                    Conjuration/Earth            3
   c - Leda's Liquefaction            Hexes/Earth                  4
   d - Summon Forest                  Summoning/Translocation      5
   e - Hydra Form                     Transmutation                6
   f - Summon Hydra                   Summoning                    7
 z - Kikubaaqudgha's Papyrus of Dark Secrets
   (Kikubaaqudgha gifted it to you on level 6 of the Dungeon)

   Spells                             Type                      Level
   a - Animate Dead                   Necromancy                   4
   b - Agony                          Necromancy                   5
   c - Cigotuvi's Embrace             Necromancy                   5
   d - Dispel Undead                  Necromancy                   5
   e - Death Channel                  Necromancy                   6
Miscellaneous
 n - a plain deck of wonders
Comestibles
 a - 5 bread rations
 i - 7 fruits
 l - 3 meat rations


   Skills:
 + Level 7.9 Fighting
 + Level 6.9 Dodging
 + Level 7.9 Unarmed Combat
 + Level 8.3 Spellcasting
 + Level 7.1 Transmutations


You had 8 spell levels left.
You knew the following spells:

 Your Spells              Type           Power        Failure   Level  Hunger
a - Spider Form           Trmt/Pois      ###.......   45%         3    #......
b - Sublimation of Blood  Necr           #.........   58%         2    None
c - Blade Hands           Trmt           ####......   58%         5    #####..
i - Ice Form              Ice/Trmt       ###.....     71%         4    ###....
s - Stone Arrow           Conj/Erth      #.....       77%         3    #......


Dungeon Overview and Level Annotations

Branches:
Dungeon (10/15)            Temple (1/1) D:5            Lair (0/8) D:8
    Orc: D:9-12

Altars:
Ashenzari
Cheibriados
Dithmenos
Elyvilon
Fedhas
Gozag
Kikubaaqudgha
Makhleb
Nemelex Xobeh
Okawaru
Qazlal
Ru
Sif Muna
Trog
Vehumet
Xom
Yredelemnul
Zin
The Shining One

Shops:
D:5 *   D:6 *

Annotations:
D:5 emiel's ghost, experienced DsGl


Innate Abilities, Weirdness & Mutations

You can breathe bolts of energy.
You can dispel enchantments when you breathe energy.
Your rich purple scales are hard (AC +7).
Your body does not fit into most forms of armour.
Your cold-blooded metabolism reacts poorly to cold.


Message History

Okay, then.
Read which item? (? for menu, Esc to quit)
Okay, then.
Read which item? (? for menu, Esc to quit)
Okay, then.
Casting: Blade Hands
Confirm with . or Enter, or press ? or * to list all spells.
Okay, then.
The steam dragon barely misses you. The steam dragon closely misses you.
You hit the hippogriff.
The hippogriff is almost dead.
The hippogriff bites you but does no damage.
The hippogriff completely misses you. The hippogriff closely misses you.
You slice the hippogriff!!
You kill the hippogriff!
Kikubaaqudgha accepts your kill. The steam dragon breathes steam at you.
The ball of steam hits you!
You die...
Kikubaaqudgha rasps: "You have failed me!
Welcome... death!"

.. ################..#
....................
.....(................
........................
........†................
.........................
.................(.......
................@......... .#
.......##########DY###### #.#
.......##########..############.#
................................#
.........................(......#
#...............................#
#..############.................#
#.. ###.................# ..
.....................#


You could see a steam dragon and an ice beast.

Vanquished Creatures
  A centaur skeleton (D:10)
  A hungry ghost (D:8)
  Eustachio (D:8)
  5 yaks (D:9)
  A hippogriff (D:10)
  A sky beast (D:8)
  An ice beast (D:8)
  4 orc warriors
  A necrophage (D:8)
  2 phantoms
  5 centaurs
  A wasp (D:8)
  6 ogres
  2 big kobolds (D:9)
  A gnoll sergeant (D:8)
  3 giant frogs
  3 scorpions
  3 wights (D:6)
  A jelly (D:7)
  2 giant frog zombies
  8 crimson imps
  2 goliath beetles
  A wasp zombie (D:7)
  10 orc priests
  5 hounds
  3 iguanas
  22 orc wizards
  4 worker ants
  7 gnolls
  7 adders
  2 giant mites
  3 shadow imps
  5 worms
  2 orc zombies (D:6)
  2 adder skeletons (D:4)
  7 giant geckos
  45 orcs
  2 ball pythons (D:1)
  A bat skeleton (D:4)
  A bat zombie (D:8)
  10 giant cockroaches
  27 hobgoblins
  2 jackals (D:7)
  27 kobolds
  2 quokkas
  16 bats
  A giant gecko skeleton (D:5)
  A giant gecko zombie (D:5)
  6 giant newts
  A giant spore (D:7)
  17 goblins
  17 rats
  2 ballistomycetes (D:7)
313 creatures vanquished.

Vanquished Creatures (others)
  An orc (D:8)
1 creature vanquished.

Grand Total: 314 creatures vanquished

Notes
Turn   | Place    | Note
--------------------------------------------------------------
     0 | D:1      | Miyamura, the Draconian Transmuter, began the quest for the Orb.
     0 | D:1      | Reached XP level 1. HP: 16/16 MP: 3/3
   338 | D:1      | Reached XP level 2. HP: 23/23 MP: 4/4
  1272 | D:1      | Reached XP level 3. HP: 24/28 MP: 6/6
  1408 | D:1      | Learned a level 3 spell: Spider Form
  2321 | D:2      | Found a burning altar of Makhleb.
  2321 | D:2      | Found a basalt altar of Yredelemnul.
  2324 | D:2      | Found a snail-covered altar of Cheibriados.
  2324 | D:2      | Found an ancient bone altar of Kikubaaqudgha.
  2326 | D:2      | Found an iron altar of Okawaru.
  2356 | D:1      | Reached XP level 4. HP: 29/36 MP: 6/8
  2467 | D:2      | Became a worshipper of Kikubaaqudgha
  2987 | D:3      | Gained mutation: Your wings are large and strong. [potion of mutation]
  2987 | D:3      | Gained mutation: You have sharp toenails. [potion of mutation]
  2988 | D:3      | Gained mutation: You are covered in fur (AC +1). [potion of mutation]
  2988 | D:3      | Gained mutation: You have a pair of small horns on your head. [potion of mutation]
  2988 | D:3      | Gained mutation: You tend to lose your temper in combat. [potion of mutation]
  3388 | D:4      | Reached XP level 5. HP: 40/42 MP: 6/11
  4065 | D:4      | Acquired Kikubaaqudgha's first power
  4065 | D:4      | Received a gift from Kikubaaqudgha
  4066 | D:4      | Identified Kikubaaqudgha's Almanac of Evil (Kikubaaqudgha gifted it to you on level 4 of the Dungeon)
  4075 | D:4      | Reached skill level 4 in Unarmed Combat
  4144 | D:4      | Learned a level 2 spell: Sublimation of Blood
  4152 | D:4      | Found a shimmering altar of Xom.
  4240 | D:4      | Reached XP level 6. HP: 47/50 MP: 9/13
  4350 | D:4      | Noticed a phantom
  4401 | D:4      | Killed a phantom
  4562 | D:4      | Noticed an ogre
  4579 | D:4      | Killed an ogre
  4838 | D:4      | Your scales start taking on a rich purple colour.
  4838 | D:4      | Reached XP level 7. HP: 57/57 MP: 17/17
  5056 | D:5      | Entered Level 5 of the Dungeon
  5056 | D:5      | Noticed emiel's ghost (experienced DsGl)
  5118 | D:4      | HP: 2/57 [poisoned by emiel's ghost]
  5482 | D:5      | Found Shum's General Store.
  5508 | D:5      | Acquired Kikubaaqudgha's second power
  5736 | D:5      | Bought a potion of curing for 36 gold pieces
  5736 | D:5      | Bought a potion of mutation for 30 gold pieces
  5736 | D:5      | Bought a scroll of fear for 42 gold pieces
  5737 | D:5      | Gained mutation: Your natural rate of healing is unusually fast. [potion of mutation]
  5737 | D:5      | Gained mutation: You evolve. [potion of mutation]
  5737 | D:5      | Gained mutation: You possess an exceptional clarity of mind. [potion of mutation]
  6387 | D:5      | Reached skill level 5 in Spellcasting
  6488 | D:5      | Reached skill level 5 in Unarmed Combat
  6514 | D:5      | Lost mutation: Your natural rate of healing is unusually fast. [evolution]
  6515 | D:5      | Found a staircase to the Ecumenical Temple.
  6522 | Temple   | Entered the Ecumenical Temple
  7029 | D:6      | Found a sparkling altar of Nemelex Xobeh.
  7420 | D:6      | Reached XP level 8. HP: 52/67 MP: 15/20
  8067 | D:6      | Learned a level 5 spell: Blade Hands
  8300 | D:6      | Reached skill level 5 in Fighting
  8310 | D:6      | Found a shattered altar of Ashenzari.
  8444 | D:6      | Reached skill level 6 in Spellcasting
  8596 | D:6      | Reached skill level 5 in Transmutations
  8632 | D:6      | Found Zin's Purification Station.
  8636 | D:6      | Found a glowing silver altar of Zin.
  8744 | D:6      | Received a gift from Kikubaaqudgha
  8747 | D:6      | Identified Kikubaaqudgha's Papyrus of Dark Secrets (Kikubaaqudgha gifted it to you on level 6 of the Dungeon)
  9023 | D:7      | Found an iron altar of Okawaru.
  9255 | D:7      | Reached skill level 5 in Dodging
  9430 | D:7      | Reached XP level 9. HP: 74/74 MP: 23/23
  9597 | D:7      | Gained mutation: Your tail ends in a poisonous barb. [evolution]
  9693 | D:7      | Found a deep blue altar of Sif Muna.
  9732 | D:7      | Found a bloodstained altar of Trog.
  9737 | D:7      | Found a white marble altar of Elyvilon.
 10365 | D:7      | Found a sparkling altar of Nemelex Xobeh.
 10754 | D:8      | Gained mutation: You have razor-sharp toenails. [evolution]
 11036 | D:7      | Acquired Kikubaaqudgha's third power
 11061 | D:8      | Noticed Eustachio
 11397 | D:8      | Gained mutation: You often lose your temper in combat. [mutagenic meat]
 11398 | D:8      | Gained mutation: You passively map a small area around you. [mutagenic meat]
 11499 | D:8      | Killed Eustachio
 11618 | D:8      | Reached skill level 7 in Spellcasting
 12578 | D:8      | Found a staircase to the Lair.
 12654 | D:8      | Learned a level 4 spell: Ice Form
 12658 | D:8      | Learned a level 3 spell: Stone Arrow
 12703 | D:8      | Gained mutation: Your system is resistant to poisons. [evolution]
 12703 | D:8      | Lost mutation: You evolve. [end of evolution]
 12723 | D:8      | Reached XP level 10. HP: 68/86 MP: 25/25
 12796 | D:8      | Lost mutation: You have a pair of small horns on your head. [potion of cure mutation]
 12796 | D:8      | Lost mutation: You passively map a small area around you. [potion of cure mutation]
 12796 | D:8      | Lost mutation: You have razor-sharp toenails. [potion of cure mutation]
 12796 | D:8      | Lost mutation: You have sharp toenails. [potion of cure mutation]
 12797 | D:8      | Lost mutation: You possess an exceptional clarity of mind. [potion of cure mutation]
 12797 | D:8      | Lost mutation: Your system is resistant to poisons. [potion of cure mutation]
 12797 | D:8      | Lost mutation: You often lose your temper in combat. [potion of cure mutation]
 12797 | D:8      | Lost mutation: Your tail ends in a poisonous barb. [potion of cure mutation]
 12797 | D:8      | Lost mutation: You are covered in fur (AC +1). [potion of cure mutation]
 13420 | D:5      | Bought a potion of cure mutation for 420 gold pieces
 13420 | D:5      | Lost mutation: You tend to lose your temper in combat. [potion of cure mutation]
 13420 | D:5      | Lost mutation: Your wings are large and strong. [potion of cure mutation]
 13690 | D:9      | Acquired Kikubaaqudgha's fourth power
 13859 | D:9      | Reached skill level 8 in Spellcasting
 14307 | D:10     | Entered Level 10 of the Dungeon
 15152 | D:10     | Killed from afar by a steam dragon

Action                   |  1- 3 |  4- 6 |  7- 9 | 10-12 || total
-------------------------+-------+-------+-------+-------++-------
Melee: Unarmed           |   185 |   210 |   701 |   207 ||  1303
 Cast: Spider Form       |     3 |     9 |    22 |       ||    34
       Beastly Appendage |       |     1 |       |       ||     1
       Blade Hands       |       |       |    11 |     9 ||    20
 Abil: Fly               |       |     1 |     2 |       ||     3
       Breathe Dispellin |       |       |     2 |     1 ||     3
Evoke: Wand              |       |       |     2 |       ||     2
  Use: Scroll            |     5 |     6 |     8 |     1 ||    20
       Potion            |       |     5 |     5 |     7 ||    17
 Stab: Sleeping          |     3 |     1 |     1 |       ||     5
       Confused          |       |       |     1 |       ||     1
  Eat: Chunk             |     4 |    13 |    22 |     9 ||    48
       Meat ration       |       |       |     1 |       ||     1
       Bread ration      |       |       |     1 |       ||     1
       Beef jerky        |       |       |     1 |       ||     1
       Royal jelly       |       |       |     1 |       ||     1
       Fruit             |       |       |       |     1 ||     1
